 Dungeon Crawl Stone Soup version 0.31-a0-1161-g593ecc88b7 (webtiles) character file.

Game seed: 9357876674358713451

1626 Maratek the Ruffian (level 8, 0/80 HPs)
             Began as a Troll Fighter on Dec 8, 2023.
             Killed from afar by an electric eel (12 damage)
             ... with a bolt of electricity
             ... on level 6 of the Dungeon.
             The game lasted 00:05:34 (4080 turns).

Maratek the Ruffian (Troll Fighter)                 Turns: 4080, Time: 00:05:34

Health: 0/80       AC:  7    Str: 27    XL:     8   Next: 65%
Magic:  7/7        EV: 11    Int:  4    God:
Gold:   1264       SH: 11    Dex: 15    Spells: 7/7 levels left

rFire   . .          .
                       - Unarmed
rCold   . . .        b - +1 kite shield
rNeg    . . .        v - +0 toga "Victory" {*Victory Clar}
rPois   .            n - +2 hat
rElec   .            h - +0 cloak
rCorr   .            (gloves unavailable)
SInv    .            (boots unavailable)
Will    .....        B - amulet of regeneration
Stlth   +            e - +6 ring of dexterity
HPRegen 1.93/turn    (no ring)
MPRegen 0.10/turn

%: clarity
@: about to teleport
A: large, unfitting armour, claws 3, regeneration 1, shaggy fur 1, tough skin 1
a: no special abilities


You were on level 6 of the Dungeon.
You visited 1 branch of the dungeon, and saw 6 of its levels.

You collected 1264 gold pieces.

Inventory:

Missiles
 a - 3 throwing nets
Armour
 b - a +1 kite shield (worn)
 h - a +0 cloak (worn)
 n - a +2 hat (worn)
 v - the +0 toga "Victory" (worn) {*Victory Clar}
   (You found it on level 3 of the Dungeon)

   *Victory:  When the wearer kills a threatening monster, it has a chance to
   gain +1 AC, +1 Slay, and +1 Int, capping at +7.
   When the wearer uses a scroll or a potion with a hostile monster in sight,
   its bonuses reset to +0.
   Unequipping it also resets its bonuses to +0.
   Clar:      It protects you from confusion, rage, mesmerisation and fear.
Jewellery
 e - a +6 ring of dexterity (left claw)
 j - an amulet of reflection
 B - an amulet of regeneration (around neck)
Wands
 z - a wand of charming (6)
Scrolls
 g - a scroll of torment
 k - a scroll of identify
 D - a scroll of vulnerability
Potions
 c - 2 potions of might
 f - 2 potions of heal wounds {unknown}
 l - a potion of attraction {unknown}
 q - 2 potions of curing {unknown}
 r - a potion of brilliance {unknown}
 s - 2 potions of degeneration {unknown}
 t - a potion of resistance {unknown}
 u - a potion of ambrosia {unknown}
 x - a potion of cancellation {unknown}
 A - a potion of berserk rage {unknown}
 C - 2 potions of enlightenment {unknown}


   Skills:
 * Level 5.2 Fighting
 * Level 5.1 Dodging
 * Level 5.7 Shields
 * Level 5.7 Unarmed Combat


You had 7 spell levels left.
You didn't know any spells.
Your spell library contained the following spells:

 Spells                   Type           Power      Damage    Failure   Level
 Foxfire                  Conj/Fire      0%         2x1d4     71%         1
 Plasma Beam              Fire/Air       0%         2x1d10    100%        6
 Starburst                Conj/Fire      0%         6d3       100%        6


Dungeon Overview and Level Annotations

Branches:
Dungeon (6/15)
 Temple: D:4-7

Altars:
Elyvilon

Shops:
D:1 (   D:5 [


Innate Abilities, Weirdness & Mutations

You are too large for most types of armour.
You have claws for hands.
Your natural rate of healing is unusually fast.
You are covered in fur. (AC +1)
You have tough skin. (AC +1)


Message History

The electric eel shoots out a bolt of lightning at you!
The bolt of electricity hits you! The bolt of electricity misses you.
The bolt of electricity hits the electric eel.
The electric eel completely resists.
The electric eel shoots out a bolt of lightning at you!
The bolt of electricity misses you.
You are too injured to fight recklessly!
You are too injured to fight recklessly!
Unknown command.
You are too injured to fight recklessly!
Unknown command.
You closely miss the electric eel.
The electric eel shoots out a bolt of lightning at you!
The bolt of electricity hits the electric eel.
The electric eel completely resists.
The bolt of electricity hits you!
You closely miss the electric eel.
The electric eel shoots out a bolt of lightning at you!
The bolt of electricity hits you.
* * * LOW HITPOINT WARNING * * *
As you read the scroll of teleportation, it crumbles to dust.
You feel strangely unstable.
The +0 toga "Victory" stops glowing.
The electric eel shoots out a bolt of lightning at you!
The bolt of electricity hits you!
* * * LOW HITPOINT WARNING * * *
The bolt of electricity hits you.
* * * LOW HITPOINT WARNING * * *
The bolt of electricity hits the electric eel.
The electric eel completely resists.
The electric eel shoots out a bolt of lightning at you!
The bolt of electricity hits the electric eel.
The electric eel completely resists.
The bolt of electricity misses you.
Read: scroll of butterflies
Press: ? - help, Q - select action, (/) - cycle Dir - look around, f - activate
As you read the scroll of butterflies, it crumbles to dust.
You hear the flapping of tiny wings.
The electric eel is knocked back by the sudden gust. x3
The electric eel shoots out a bolt of lightning at you!
The bolt of electricity hits you!
You die...

##.#..#..#####.....#.######.##.
#.#.#.#.# #.....#.#.# ##...#.
#.#.#.#####.#####...# #......
#.#.#.##.########...# #......
####.#.#.#.b#bbP?bb##'## #......
...[.#.#.#.#bbbPbbbb#.######..>..
.#####.#.#.#bbbbbbbb#.#....####..
.# #.###~#bbbbSbbb#.####.# #.# .#
#~~##bbb@SS##~# #.# #.# .####
##~##########~## #.# #.# ....#
#..# .~~$≈##~######.####.# .##.#
#.#+ .P~(S≈#.#...........# .##.##
#.# ..P.[≈#)######.######
.#...###~# .PP.≈≈#.# #.# #
.......#~## ..~.≈##.# #)# #
##<..####~########.#######.# #
##.##..##...~~~~~##...†...#


You could see 3 electric eels.

Vanquished Creatures
  An unseen horror (D:6)
  An ice beast (D:6)
  An ogre (D:6)
  4 bullfrogs
  A scorpion (D:6)
  7 wights (D:6)
  5 jellies
  2 sleepcaps (D:4)
  An iguana (D:4)
  12 gnolls
  3 adders
  A white imp (D:6)
  2 ufetubi (D:6)
  5 worms
  5 dart slugs
  9 orcs
  7 endoplasms
  3 giant cockroaches
  2 goblins
  7 hobgoblins
  4 jackals (D:1)
  A quokka (D:4)
  7 ball pythons
  6 bats
  3 frilled lizards
  8 kobolds
  6 rats
114 creatures vanquished.

Notes
Turn   | Place    | Note
-------+----------+-------------------------------------------
     0 | D:1      | Maratek the Troll Fighter began the quest for the Orb.
     0 | D:1      | Reached XP level 1. HP: 22/22 MP: 0/0
   177 | D:1      | Reached XP level 2. HP: 29/29 MP: 1/1
   286 | D:1      | Found Zougg's Weapon Boutique.
   707 | D:2      | Reached XP level 3. HP: 35/36 MP: 2/2
   929 | D:2      | Found a faded altar of an unknown god.
  1600 | D:3      | Found the +0 toga "Victory" {*Victory Clar}
  1801 | D:3      | Reached XP level 4. HP: 44/44 MP: 3/3
  2228 | D:4      | Noticed a bullfrog
  2240 | D:4      | Killed a bullfrog
  2241 | D:4      | Reached XP level 5. HP: 53/53 MP: 4/4
  2473 | D:4      | Reached XP level 6. HP: 61/61 MP: 5/5
  2749 | D:5      | Entered Level 5 of the Dungeon
  2954 | D:5      | Found a white marble altar of Elyvilon.
  3345 | D:5      | Reached XP level 7. HP: 64/68 MP: 6/6
  3380 | D:5      | Found Piokeak's Armour Shoppe.
  3402 | D:5      | Identified a scroll of acquirement
  3402 | D:5      | Acquired 990 gold pieces
  3613 | D:6      | Reached skill level 5 in Shields
  3659 | D:6      | Reached skill level 5 in Unarmed Combat
  3659 | D:6      | Reached XP level 8. HP: 73/79 MP: 7/7
  3942 | D:6      | Killed an unseen horror
  3943 | D:6      | Reached skill level 5 in Fighting
  3943 | D:6      | Reached skill level 5 in Dodging
  4080 | D:6      | Killed from afar by an electric eel

Illustrated notes

Levels and vault maps discovered:
D:1:      dpeg_arrival_tiny_h, layout_rooms, serial_shops, nicolae_shop_crystal
D:2:      layout_loops_ring, basic_ecumenical_altar
D:3:      wander_river, layout_basic, kennysheep_boxes
D:4:      layout_rooms, serial_curves, eino_curves_02, eino_curves_01
D:5:      layout_basic, nicolae_elyvilon_peaceful_grove, serial_shops,
          nicolae_shop_competitors_out_of_business
D:6:      cheibrodos_two_vegetables, layout_loops_ring, kennysheep_potato

Skill      XL: |  1  2  3  4  5  6  7  8 |
---------------+-------------------------+-----
Shields        | 3 4 5 |  5.7
Fighting       | 3 4 5 |  5.2
Dodging        | 3 4 5 |  5.1
Unarmed Combat | 3 4 5 |  5.7

Action                     |  1- 3 |  4- 6 |  7- 9 || total
---------------------------+-------+-------+-------++-------
  Melee: Unarmed           |   113 |   165 |    98 ||   376
    Use: Scroll            |     4 |       |    10 ||    14
   Stab: Sleeping          |     4 |     1 |       ||     5
 Armour: Robe              |    79 |    54 |    86 ||   219
  Dodge: Dodged            |    51 |    34 |    26 ||   111
  Block: Kite shield       |    58 |    96 |    36 ||   190
         Reflection        |       |     2 |       ||     2

Table legend: (Time is in decaauts)
 A = Elapsed time spent in this place.
 B = Non-inter-level travel time spent in this place.
 C = Inter-level travel time spent in this place.
 D = Time resting spent in this place.
 E = Time spent auto-exploring this place.
 F = Levels seen in this place.
 G = Mean time per level.
                   A        B        C        D        E       F      G
               +--------+--------+--------+--------+--------+-----+--------+
         Total |   4095 |   3885 |    210 |    163 |   2916 |   6 |  682.5 |
       Dungeon |   4095 |   3885 |    210 |    163 |   2916 |   6 |  682.5 |
               +--------+--------+--------+--------+--------+-----+--------+

Top non-repeatable levels by time:
     D:3: 924 daAuts
     D:5: 719 daAuts
     D:2: 687 daAuts
     D:1: 622 daAuts
     D:6: 614 daAuts
     D:4: 528 daAuts
